 Dungeon Crawl Stone Soup version bcrawl-1.21 (webtiles) character file.

Game seed: 4318356836915677532

26 Freyura the Skirmisher (level 2, -16/24 HPs)
             Began as a Demonspawn Abyssal Knight on Feb 15, 2020.
             Was an Initiate of Ashenzari.
             Demolished by a small abomination (19 damage)
             ... created by the touch of Lugonu
             ... on level 2 of the Dungeon.
             The game lasted 00:03:10 (1716 turns).

Freyura the Skirmisher (Demonspawn Abyssal Knight)  Turns: 1716, Time: 00:03:11

Health: -16/24     AC:  5    Str: 12    XL:     2   Next: 89%
Magic:  0/4        EV: 10    Int: 13    God:    Ashenzari [......]
Gold:   108        SH:  0    Dex: 12    Spells: 1/1 levels left

rFire    . . .     SeeInvis .   a - +1 mace (curse)
rCold    . . .     Gourm    .   (no shield)
rNeg     . . .     Faith    .   l - +0 ring mail (curse)
rPois    .         Spirit   +   (no helmet)
rElec    .         Reflect  .   (no cloak)
rCorr    .         Harm     .   (no gloves)
MR       .....                  (no boots)
Stlth    +.........             o - amulet of guardian spirit (curse)
HPRegen  0.08/turn              (no ring)
MPRegen  0.09/turn              (no ring)

@: no status effects
A: talons 1
a: Curse Item, Renounce Religion


You were on level 2 of the Dungeon.
You worshipped Ashenzari.
Ashenzari was noncommittal.
You were very hungry.

You visited 1 branch of the dungeon, and saw 2 of its levels.
You visited the Abyss 1 time.

You collected 108 gold pieces.

Inventory:

Hand Weapons
 a - a cursed +1 mace (weapon)
Missiles
 c - 10 tomahawks of dispersal (quivered)
 d - 965 stones
 f - 2 throwing nets {!f}
Armour
 b - a +0 leather armour
 l - a cursed +0 ring mail (worn)
Jewellery
 o - a cursed amulet of guardian spirit (around neck)
Wands
 p - a wand of disintegration (20)
Scrolls
 g - 2 scrolls of fog {unknown}
 n - 4 scrolls of teleportation {unknown}
Potions
 h - 2 potions of mutation {unknown}
 i - a potion of lignification {unknown}
 j - 2 potions of invisibility {unknown}
 k - a potion of brilliance {unknown}
 m - a potion of haste {unknown}
Comestibles
 e - 4 rations {!d}


   Skills:
 + Level 3.2 Fighting
 * Level 2.3 Maces & Flails
 - Level 0.8 Throwing
 + Level 2.0 Armour
 + Level 1.0 Dodging
   Level 3.2 Invocations


You had one spell level left.
You didn't know any spells.
Your spell library was empty.

Dungeon Overview and Level Annotations

Branches:
Dungeon (2/12)

Altars:
Ashenzari
Okawaru


Innate Abilities, Weirdness & Mutations

You have sharp toenails.


Message History

You closely miss the small abomination.
You claw the small abomination, but do no damage.
The small abomination is moderately damaged.
The small abomination hits you!!
Ouch! That really hurt!
* * * LOW HITPOINT WARNING * * *
You are too injured to fight recklessly!
You are too injured to fight recklessly!
You are too injured to fight recklessly!
You hit the small abomination but do no damage.
You claw the small abomination, but do no damage.
The small abomination is moderately damaged.
The small abomination completely misses you.
You hit the small abomination.
The small abomination is heavily damaged.
The small abomination hits you.
* * * LOW HITPOINT WARNING * * *
The small abomination hits you!!
Ouch! That really hurt!
You die...

.# #.# ######.# ###
#......###### ..# ###
###.##........# # #.# #>.
^.#.#.....###.####. #.# #.#
#.#............... #.# #.#
#.##x@..........# #)# #.#
##.##.#...♣...#..# #.# #.#
#........♣.♣....# ..# #.#
#..##...♣.♣.♣...## ###
##.###..##..♣.♣.♣.♣...#
#.......##.♣.♣._.♣.♣..# #
#.########..♣.♣.♣.♣...###.#
# #.# #...♣.♣.♣........# #
#.#### #....♣.♣....#.####


You could see a small abomination.

Vanquished Creatures
  An ooze (D:1)
  A worm (D:2)
  2 leopard geckos (D:2)
  A giant cockroach (D:1)
  A goblin (D:1)
  2 hobgoblins (D:2)
  A quokka (D:2)
  4 bats
  3 frilled lizards
  A kobold (D:2)
  A rat (D:1)
18 creatures vanquished.

Notes
Turn   | Place    | Note
-------+----------+-------------------------------------------
     0 | Abyss:1  | Freyura the Demonspawn Abyssal Knight began the quest for
                  | the Orb.
     0 | Abyss:1  | Reached XP level 1. HP: 18/18 MP: 2/2
    27 | Abyss:1  | Noticed a wretched star
    28 | D:1      | Escaped the Abyss
   783 | D:1      | Reached * piety under Lugonu
   783 | D:1      | Gained mutation: You have sharp toenails. [demonic
                  | ancestry]
   783 | D:1      | Reached XP level 2. HP: 22/24 MP: 2/4
  1400 | D:2      | Found a shattered altar of Ashenzari.
  1416 | D:2      | Fell from the grace of Lugonu
  1416 | D:2      | Became a worshipper of Ashenzari the Shackled
  1544 | D:2      | Found an iron altar of Okawaru.
  1592 | D:2      | Reached skill level 1 in Dodging
  1712 | D:2      | Noticed a small abomination
  1716 | D:2      | Demolished by a small abomination

Skill      XL: |  1  2 |
---------------+-------+-----
Maces & Flails | 2 |  2.3
Invocations    | 3 |  3.2
Armour         | 2 |  2.0
Dodging        | 1 |  1.0
Fighting       | |  3.2
Throwing       | |  0.8

Action                   || total
-------------------------++-------
Melee: Mace              ||    80
       Kick              ||    13
Invok: Depart the Abyss  ||     1
       Curse Item        ||     3
  Eat: Chunk             ||     1
Armor: Ring mail         ||    21
       Leather armour    ||     5
Dodge: Dodged            ||    50
